 Dungeon Crawl Stone Soup version 0.29-a0-43-g62a80824bf (webtiles) character file.

Game seed: 17386139983105988738

22 grumblor the Skirmisher (level 2, -3/16 HPs)
             Began as a Vine Stalker Fighter on Feb 3, 2022.
             Slain by a gnoll (4 damage)
             ... on level 2 of the Dungeon.
             The game lasted 00:00:37 (1075 turns).

grumblor the Skirmisher (Vine Stalker Fighter)      Turns: 1075, Time: 00:00:37

Health: -3/16      AC:  6    Str: 18    XL:     2   Next: 91%
Magic:  0/3        EV:  9    Int:  8    God:
Gold:   7          SH:  4    Dex: 13    Spells: 1/1 levels left

rFire   . . .      SeeInvis .   a - +0 war axe
rCold   . . .      Faith    .   c - +0 buckler
rNeg    . . .      Spirit   +   b - +0 scale mail
rPois   .          Reflect  .   (no helmet)
rElec   .          Harm     .   (no cloak)
rCorr   .          Rampage  .   (no gloves)
Will    .....                   (no boots)
Stlth   ..........              (no amulet)
HPRegen 0.05/turn               (no ring)
MPRegen 0.08/turn               (no ring)

@: no status effects
A: fangs 2, magic shield, antimagic bite, no potion heal 2
a: no special abilities


You were on level 2 of the Dungeon.
You visited 1 branch of the dungeon, and saw 2 of its levels.

You collected 7 gold pieces.

Inventory:

Hand Weapons
 a - a +0 war axe (weapon)
Armour
 b - a +0 scale mail (worn)
 c - a +0 buckler (worn)
Scrolls
 f - a scroll of blinking {unknown}
 g - a scroll of identify {unknown}
Potions
 d - a potion of might
 e - a potion of heal wounds {unknown}


   Skills:
 * Level 3.0 Fighting
 + Level 2.2 Axes
 + Level 2.5 Armour
 * Level 0.3 Dodging
 + Level 2.8 Shields


You had one spell level left.
You didn't know any spells.
Your spell library contained the following spells:

 Spells                   Type           Power      Damage    Failure   Level
 Gell's Gravitas          Tloc           0%         N/A       99%         3
 Lesser Beckoning         Tloc           0%         N/A       99%         3
 Teleport Other           Tloc           0%         N/A       99%         3


Dungeon Overview and Level Annotations

Branches:
Dungeon (2/15)

Altars:


Innate Abilities, Weirdness & Mutations

You have extremely sharp teeth.
When hurt, damage is shared between your health and your magic reserves.
Your bite disrupts and absorbs the magic of your enemies.
Potions cannot restore your health.


Message History

Done exploring.
No target in view!
Done exploring.
No target in view!
Done exploring.
Search for what [? for help]? armor
(D) Dungeon
Where to? (? - help)
There is a stone staircase leading down here.
You climb downwards.
The gnoll shouts!
You hear a shout!
There is a stone staircase leading up here.
There are monsters nearby!
You slash the quokka!
You kill the quokka!
A gnoll comes into view. It is wielding a +0 flail.
A gnoll comes into view. It is wielding a +0 whip.
The gnoll shouts!
Found 8 gold pieces.
The gnoll throws a throwing net.
The throwing net hits you.
You become entangled in the net!
You see here a throwing net.
You are held in a net!
You are held in a net!
Unknown command.
You struggle against the net.
The gnoll barely misses you. The gnoll hits you with a +0 club!
You tear a large gash into the net.
The gnoll hits you with a +3 whip. The gnoll hits you with a +0 club.
* * * LOW HITPOINT WARNING * * *
You struggle against the net.
The gnoll hits you with a +3 whip.
* * * LOW HITPOINT WARNING * * *
Unknown command.
You rip the net and break free!
The gnoll closely misses you. The gnoll misses you.
Unknown command.
The gnoll hits you with a +3 whip.
* * * LOW HITPOINT WARNING * * *
There is a stone staircase leading up here.
The gnoll hits you with a +0 flail.
You die...

#+#+# #.#.#
#.#.#
#######.#.#
..........#
#######@..#
......ggg.#
.#####.g..#
#....#
#....#
#....#
#....#
#....#
.....#


You could see 4 gnolls.

Vanquished Creatures
  A dart slug (D:1)
  An endoplasm (D:1)
  2 giant cockroaches (D:1)
  A goblin (D:1)
  4 hobgoblins (D:1)
  A quokka (D:2)
  3 ball pythons (D:1)
  3 bats (D:1)
  A frilled lizard (D:1)
  A kobold (D:1)
  A rat (D:1)
19 creatures vanquished.

Notes
Turn   | Place    | Note
-------+----------+-------------------------------------------
     0 | D:1      | grumblor the Vine Stalker Fighter began the quest for the
                  | Orb.
     0 | D:1      | Reached XP level 1. HP: 11/11 MP: 2/2
   474 | D:1      | Reached XP level 2. HP: 16/16 MP: 3/3
   719 | D:1      | Reached skill level 3 in Fighting
  1075 | D:2      | Slain by a gnoll

Illustrated notes

Levels and vault maps discovered:
D:1:      wander_arrival_estate, layout_basic, minivault_27, minmay_misc_feat_x,
          chequers_serial_rivers_small_a, grunt_decor_mini_mirrors,
          roderic_serpentine_path, chequers_arboretum, minmay_misc_feat_roman,
          chequers_serial_rivers_micro_d
D:2:      layout_basic, minmay_misc_feat_enclosed, st_stairs_6

Skill      XL: |  1  2 |
---------------+-------+-----
Fighting       | 3 |  3.0
Axes           | 2 |  2.2
Armour         | |  2.5
Dodging        | |  0.3
Shields        | |  2.8

Action                   || total
-------------------------++-------
Melee: War axe           ||    43
       Bite              ||    13
Armor: Scale mail        ||    15
Dodge: Dodged            ||    25
Block: Buckler           ||    10

Table legend: (Time is in decaauts)
 A = Elapsed time spent in this place.
 B = Non-inter-level travel time spent in this place.
 C = Inter-level travel time spent in this place.
 D = Time resting spent in this place.
 E = Time spent auto-exploring this place.
 F = Levels seen in this place.
 G = Mean time per level.
                   A        B        C        D        E       F      G
               +--------+--------+--------+--------+--------+-----+--------+
         Total |   1094 |   1045 |     49 |      0 |    919 |   2 |  547.0 |
       Dungeon |   1094 |   1045 |     49 |      0 |    919 |   2 |  547.0 |
               +--------+--------+--------+--------+--------+-----+--------+

Top non-repeatable levels by time:
     D:1: 1084 daAuts
     D:2: 10 daAuts
